[Event "Titled Tuesday Blitz March 07 Late 2023"]
[White "Prem, Pranav"]
[Black "Vaglio Munoz, Jaime"]
[WhiteFideId "30901057"]
[BlackFideId "6500145"]
[WhiteElo "1970"]
[BlackElo "2199"]
[Result "0-1"]
[Round "06"]
[TimeControl "180+2"]
[Date "2023.03.07"]
[WhiteClock "0:00:13"]
[BlackClock "0:00:29"]

1. d4 d6 2. c4 e5 3. d5 f5 4. Nc3 Nf6 5. Qc2 g6 6. e4 Bg7 7. Bd3 fxe4 8. Nxe4 O-O 9. Ne2 Na6 10. a3 Nxe4 11. Bxe4 Nc5 12. Ng3 Qh4 13. O-O Bh6 14. Bxh6 Qxh6 15. b4 Nxe4 16. Nxe4 Bf5 17. c5 Rf7 18. Rae1 Raf8 19. f3 g5 20. Qd2 Bxe4 21. Rxe4 Rf4 22. Rfe1 g4 23. Rxf4 Qxf4 24. Qxf4 Rxf4 25. fxg4 Rxg4 26. cxd6 cxd6 27. Rc1 Rf4 28. Rc8+ Rf8 29. Rxf8+ Kxf8 30. Kf2 Kf7 31. g4 h5 32. g5 h4 33. Kf3 h3 34. Kg4 Kg6 35. a4 e4 36. Kf4 e3 37. Kxe3 Kxg5 38. Kf3 Kf5 39. Kg3 Ke5 40. Kxh3 Kxd5 41. Kg4 Kc4 42. h4 d5 43. h5 d4 44. h6 d3 45. h7 d2 46. h8=Q d1=Q+ 47. Kf4 Qd4+ 0-1


[Site "https://www.chess.com"]

[Event "Titled Tuesday Blitz March 07 Late 2023"]
[White "Kaganskiy, Gleb"]
[Black "Flores Quillas, Diego Saul Rodri"]
[WhiteFideId "4132025"]
[BlackFideId "3822508"]
[WhiteElo "2165"]
[BlackElo "2326"]
[Result "1-0"]
[Round "06"]
[TimeControl "180+2"]
[Date "2023.03.07"]
[WhiteClock "0:00:42"]
[BlackClock "0:01:33"]

1. e4 c5 2. Nf3 d6 3. Bb5+ Nd7 4. a4 a6 5. Be2 Ngf6 6. Nc3 e6 7. d4 cxd4 8. Qxd4 b6 9. O-O Bb7 10. Rd1 Qc7 11. h3 Be7 12. Qe3 O-O 13. Nd4 d5 14. exd5 Nxd5 15. Nxd5 Bxd5 16. Bf3 Nf6 17. b3 Bc5 18. c4 Bxf3 19. Qxf3 Rad8 20. Bb2 Rd7 21. Nc6 Rfd8 22. Nxd8 Qxd8 23. Bxf6 gxf6 24. Rxd7 Qxd7 25. Qxf6 Bd4 26. Qg5+ Kh8 27. Re1 Bg7 28. Qe3 Bd4 29. Qe4 Bc5 30. Qa8+ Kg7 31. Qxa6 Qd2 32. Rf1 e5 33. Qb7 Kg6 34. Qc6+ Kg7 35. Qd5 Qc2 36. Qxe5+ f6 37. Qg3+ Kf7 38. Re1 1-0


[Site "https://www.chess.com"]

[Event "Titled Tuesday Blitz March 07 Late 2023"]
[White "Yano, William Jorge Froes"]
[Black "Lewtak, Damian"]
[WhiteFideId "2112949"]
[BlackFideId "1141724"]
[WhiteElo "2122"]
[BlackElo "2302"]
[Result "1-0"]
[Round "06"]
[TimeControl "180+2"]
[Date "2023.03.07"]
[WhiteClock "0:01:46"]
[BlackClock "0:01:55"]

1. e4 c5 2. Nf3 d6 3. Bb5+ Bd7 4. Bxd7+ Qxd7 5. O-O Nf6 6. Re1 Nc6 7. c3 e6 8. d4 cxd4 9. cxd4 d5 10. e5 Ne4 11. Nbd2 Nxd2 12. Bxd2 Be7 13. h4 Rc8 14. Rc1 O-O 15. h5 h6 16. a3 b6 17. Qe2 Rc7 18. g4 f6 19. exf6 Rxf6 20. g5 hxg5 21. Nxg5 Nxd4 22. Qd3 Rxc1 23. Qh7+ 1-0


[Site "https://www.chess.com"]

[Event "Titled Tuesday Blitz March 07 Late 2023"]
[White "Mustafayev, Farid"]
[Black "Seletsky, Grigory"]
[WhiteFideId "13408771"]
[BlackFideId "14112191"]
[WhiteElo "2269"]
[BlackElo "2490"]
[Result "1-0"]
[Round "06"]
[TimeControl "180+2"]
[Date "2023.03.07"]
[WhiteClock "0:00:50"]
[BlackClock "0:00:08"]

1. d4 d6 2. Nf3 Nd7 3. Bf4 g6 4. e4 Bg7 5. Nbd2 Ngf6 6. h3 O-O 7. Bc4 e5 8. dxe5 dxe5 9. Be3 Nh5 10. O-O Nf4 11. Re1 c6 12. Bf1 Qe7 13. g3 Ne6 14. c3 Rd8 15. Qc2 Ndc5 16. b4 Nd7 17. Rad1 a5 18. a3 axb4 19. axb4 b5 20. Nb3 Bb7 21. Na5 Ndf8 22. Bb6 Rdc8 23. c4 c5 24. cxb5 cxb4 25. Qb2 Nd7 26. Nxb7 Nxb6 27. Nd6 Rc3 28. Bg2 Na4 29. Qxb4 Nd4 30. Nxd4 exd4 31. e5 Bxe5 32. Bxa8 Qxd6 33. Qxd6 Bxd6 34. Rxd4 Bc5 35. Rxa4 Rxg3+ 36. Bg2 Rb3 37. Ra8+ Kg7 38. Rb8 Rb2 39. Rf1 h5 40. Rb7 Kf8 41. Bd5 f5 42. Rf7+ Ke8 43. Kg2 Bd4 44. Re1+ Kd8 45. Bc6 Rxf2+ 46. Kh1 1-0


[Site "https://www.chess.com"]

[Event "Titled Tuesday Blitz March 07 Late 2023"]
[White "Kovacs, Klara"]
[Black "Vlassov, Nikolai"]
[WhiteFideId "733210"]
[BlackFideId "4103360"]
[WhiteElo "2179"]
[BlackElo "2324"]
[Result "1-0"]
[Round "06"]
[TimeControl "180+2"]
[Date "2023.03.07"]
[WhiteClock "0:00:34"]
[BlackClock "0:00:02"]

1. d4 Nf6 2. Nf3 e6 3. g3 b5 4. Bg2 Bb7 5. O-O c5 6. c3 Na6 7. a4 b4 8. Bg5 Be7 9. Re1 O-O 10. Ne5 Bxg2 11. Kxg2 Rc8 12. Nd2 bxc3 13. bxc3 cxd4 14. cxd4 Nb4 15. Rc1 Qa5 16. Ndf3 Rxc1 17. Bxc1 Rc8 18. Bd2 Qa6 19. Qb3 Nbd5 20. e4 Nb6 21. a5 Nc4 22. Bc3 Nxa5 23. Bxa5 Qxa5 24. Qb7 Qc7 25. Qb5 d6 26. Nd3 Qc6 27. Qxc6 Rxc6 28. d5 exd5 29. exd5 Nxd5 30. Nd4 Rc3 31. Nb4 Nxb4 32. Rxe7 g6 33. Rxa7 Rd3 34. Nf3 h6 35. h4 Kg7 36. h5 g5 37. Rd7 Nc6 38. Ne1 Rd2 39. Nf3 Rd5 40. g4 Kf6 41. Kg3 Ke6 42. Rc7 Ne5 43. Nxe5 Rxe5 44. Rc8 Ke7 45. Rc7+ Ke8 46. Rc8+ Kd7 47. Rf8 Ke7 48. Rh8 Re6 49. Kf3 d5 50. Ra8 d4 51. Ra7+ Kf6 52. Rd7 Ke5 53. Rxf7 Rd6 54. Rf5+ Ke6 55. Ke2 d3+ 56. Kd2 Rd4 57. f3 1-0


[Site "https://www.chess.com"]

[Event "Titled Tuesday Blitz March 07 Late 2023"]
[White "Crispin Ferreras, Darvi Abraham"]
[Black "Gerzhoy, Leonid"]
[WhiteFideId "6402771"]
[BlackFideId "2806126"]
[WhiteElo "2106"]
[BlackElo "2601"]
[Result "0-1"]
[Round "06"]
[TimeControl "180+2"]
[Date "2023.03.07"]
[WhiteClock "0:01:30"]
[BlackClock "0:01:41"]

1. e4 d6 2. Nc3 Nf6 3. d4 e5 4. Nge2 Be7 5. g3 O-O 6. Bg2 a6 7. O-O b5 8. a3 Bb7 9. h3 Nbd7 10. Be3 Re8 11. d5 c6 12. dxc6 Bxc6 13. Qd2 Nc5 14. f3 d5 15. exd5 Nxd5 16. Nxd5 Qxd5 17. Rad1 Rad8 18. Qxd5 Bxd5 19. Nc3 Bc6 20. Rxd8 Rxd8 21. Rd1 Rxd1+ 22. Nxd1 f5 23. Kf2 Kf7 24. Nc3 Ke6 25. Ke2 g5 26. Bf1 f4 27. Bf2 e4 28. fxe4 Nxe4 29. Nxe4 Bxe4 30. gxf4 gxf4 31. Kd2 f3 32. Bd3 Kf5 33. c4 Bxd3 34. Kxd3 bxc4+ 35. Kxc4 Ke4 36. b4 Bg5 37. a4 Be3 38. Be1 f2 39. Bxf2 Bxf2 40. b5 axb5+ 41. axb5 h5 42. Kc3 h4 43. Kd2 Kf3 44. Kd3 Kg3 45. Ke2 Bb6 46. Kf1 Kxh3 0-1


[Site "https://www.chess.com"]

[Event "Titled Tuesday Blitz March 07 Late 2023"]
[White "Melikyan, Gnel"]
[Black "Bach, Matthias"]
[WhiteFideId "54109990"]
[BlackFideId "4603168"]
[WhiteElo "2138"]
[BlackElo "2165"]
[Result "0-1"]
[Round "06"]
[TimeControl "180+2"]
[Date "2023.03.07"]
[WhiteClock "0:00:02"]
[BlackClock "0:00:25"]

1. b4 e5 2. Bb2 Bxb4 3. Bxe5 Nf6 4. Nf3 d5 5. e3 c5 6. c4 Nc6 7. Bc3 d4 8. Bxb4 cxb4 9. a3 bxa3 10. Nxa3 O-O 11. Nb5 Bg4 12. h3 Bxf3 13. Qxf3 a6 14. Na3 d3 15. g4 Re8 16. Bg2 Ne4 17. Nb1 Qb6 18. O-O Qb2 19. Ra4 Nxd2 20. Nxd2 Qxd2 21. Rd1 Qc2 22. Ra3 Rad8 23. Raa1 d2 24. Rab1 Ne5 25. Qxb7 Nxc4 26. Bd5 Ne5 27. Bb3 Qc3 28. Qxa6 Nf3+ 29. Kf1 Qe5 30. Qb7 Qf6 31. Ke2 Ne5 32. Ba2 h5 33. Rb6 Qh4 34. f4 Qxh3 35. fxe5 Qxg4+ 36. Qf3 Qc4+ 37. Kf2 Qxa2 38. Rc6 Qd5 39. Rc7 Qxf3+ 40. Kxf3 Rxe5 41. Ke2 Rde8 42. Rxd2 Rxe3+ 43. Kf2 R3e7 44. Rd8 Rxd8 45. Rxe7 g6 46. Kg3 Kg7 47. Rd7 Rxd7 0-1


[Site "https://www.chess.com"]

[Event "Titled Tuesday Blitz March 07 Late 2023"]
[White "Dylag, Emilia"]
[Black "Blomqvist, Erik"]
[WhiteFideId "21805172"]
[BlackFideId "1709437"]
[WhiteElo "1878"]
[BlackElo "2436"]
[Result "0-1"]
[Round "06"]
[TimeControl "180+2"]
[Date "2023.03.07"]
[WhiteClock "0:00:01"]
[BlackClock "0:00:12"]

1. d4 d5 2. c4 dxc4 3. e4 b5 4. a4 c6 5. axb5 cxb5 6. Nc3 Qb6 7. Be3 e6 8. Nf3 Nf6 9. Be2 a6 10. O-O Bb7 11. d5 Bc5 12. Bxc5 Qxc5 13. dxe6 fxe6 14. e5 Ne4 15. Nxe4 Bxe4 16. Ng5 Bd5 17. Bg4 Qe7 18. h4 O-O 19. Qc2 g6 20. Ne4 Qxh4 21. f3 Nc6 22. Nf6+ Kg7 23. Nxd5 exd5 24. e6 Qf6 25. Rad1 Nd4 26. Qd2 Nxe6 27. Qxd5 Nf4 28. Qb7+ Kh6 29. Rd7 Rad8 30. Rxh7+ Kg5 31. g3 Ne2+ 32. Kg2 Rd2 33. f4+ Nxf4+ 34. Kh1 Nh5 0-1


[Site "https://www.chess.com"]

[Event "Titled Tuesday Blitz March 07 Late 2023"]
[White "Ismagilov, Damir"]
[Black "Leiva, Gianmarco"]
[WhiteFideId "34199982"]
[BlackFideId "3804399"]
[WhiteElo "2078"]
[BlackElo "2345"]
[Result "0-1"]
[Round "06"]
[TimeControl "180+2"]
[Date "2023.03.07"]
[WhiteClock "0:00:01"]
[BlackClock "0:00:05"]

1. e4 c5 2. Nf3 d6 3. d4 cxd4 4. Nxd4 Nf6 5. f3 e5 6. Nb3 a5 7. a4 d5 8. Bg5 Be6 9. Bb5+ Nc6 10. O-O Qb6+ 11. Kh1 Rd8 12. Qe1 dxe4 13. Nxa5 exf3 14. gxf3 Be7 15. Bxf6 Bxf6 16. Nxc6 bxc6 17. Bd3 Qxb2 18. Nd2 O-O 19. Ne4 Be7 20. a5 f5 21. Qc3 Qxc3 22. Nxc3 Bb4 23. Ne2 c5 24. Bb5 Rd2 25. a6 c4 26. a7 Bd5 27. Ng3 g6 28. Kg1 Bc5+ 29. Kh1 Ra8 30. Rfe1 Bd4 0-1


[Site "https://www.chess.com"]

[Event "Titled Tuesday Blitz March 07 Late 2023"]
[White "Clarke, Brandon G I"]
[Black "Djordjevic, Dejan N"]
[WhiteFideId "400319"]
[BlackFideId "913316"]
[WhiteElo "2414"]
[BlackElo "2261"]
[Result "1-0"]
[Round "06"]
[TimeControl "180+2"]
[Date "2023.03.07"]
[WhiteClock "0:01:10"]
[BlackClock "0:00:09"]

1. e4 c5 2. Nf3 Nc6 3. d4 cxd4 4. Nxd4 Nf6 5. Nc3 Qb6 6. Nb3 e6 7. Be3 Qc7 8. g4 h6 9. a3 a6 10. f4 d6 11. Qf3 b5 12. O-O-O Rb8 13. h4 b4 14. axb4 Nxb4 15. g5 Nd7 16. g6 fxg6 17. Qg4 Kf7 18. Rg1 g5 19. hxg5 hxg5 20. Qxg5 Rh6 21. f5 Ne5 22. fxe6+ Bxe6 23. Nd4 Bc4 24. Bxc4+ Qxc4 25. Nf5 Rg6 26. Qh5 Qe6 27. Nh4 Be7 28. Nxg6 Nxg6 29. Rdf1+ Bf6 30. Qxg6+ Ke7 31. Rxf6 gxf6 32. Qh7+ 1-0


[Site "https://www.chess.com"]

[Event "Titled Tuesday Blitz March 07 Late 2023"]
[White "Boyer, Mahel"]
[Black "Ricaurte Lopez, Juan Carlos"]
[WhiteFideId "45102422"]
[BlackFideId "3600327"]
[WhiteElo "2439"]
[BlackElo "2209"]
[Result "1-0"]
[Round "06"]
[TimeControl "180+2"]
[Date "2023.03.07"]
[WhiteClock "0:02:01"]
[BlackClock "0:00:08"]

1. d4 e6 2. Nf3 d5 3. g3 c6 4. Bg2 f5 5. O-O Nf6 6. b3 Bd6 7. Ba3 O-O 8. c4 a5 9. Qc1 Na6 10. Bxd6 Qxd6 11. Nc3 Bd7 12. Qf4 Qxf4 13. gxf4 h6 14. Ne5 Be8 15. Rac1 Bh5 16. Rfe1 Rad8 17. e3 Ng4 18. Nd3 Nb4 19. Nc5 Rf7 20. a3 b6 21. Nxe6 Rd6 22. axb4 axb4 23. Nxd5 Rxe6 24. Nxb4 Rg6 25. Nxc6 1-0


[Site "https://www.chess.com"]

[Event "Titled Tuesday Blitz March 07 Late 2023"]
[White "Dudzinski, Pawel"]
[Black "Golubka, Petro"]
[WhiteFideId "1117890"]
[BlackFideId "14114224"]
[WhiteElo "2099"]
[BlackElo "2391"]
[Result "1/2-1/2"]
[Round "06"]
[TimeControl "180+2"]
[Date "2023.03.07"]
[WhiteClock "0:00:11"]
[BlackClock "0:01:40"]

1. e4 c5 2. c4 e5 3. Nc3 Nc6 4. g3 d6 5. Bg2 Be6 6. d3 Be7 7. f4 h5 8. f5 Bd7 9. h4 Nf6 10. Nd5 Nxd5 11. cxd5 Nd4 12. Nf3 Qa5+ 13. Bd2 Qb5 14. Nxd4 exd4 15. Qb3 a5 16. Qxb5 Bxb5 17. Bf1 a4 18. a3 Bf6 19. Be2 Kd7 20. Bg5 Be5 21. Bf4 Bf6 22. Bg5 Ke7 23. Kd2 Bd7 24. g4 hxg4 25. Bxg4 b5 26. Be2 Rab8 27. Kc2 b4 28. axb4 cxb4 29. Kd2 b3 30. Rac1 Rbc8 31. Rxc8 Rxc8 32. Rc1 Bxg5+ 33. hxg5 Rxc1 34. Kxc1 f6 35. g6 Kd8 36. Kb1 Kc7 37. Bf1 Kb6 38. Be2 Kc5 39. Bg4 Kb4 40. Be2 a3 41. Bf1 Bb5 42. Be2 Ba4 43. Bf1 Be8 44. Be2 Bd7 45. Bg4 a2+ 46. Ka1 Bb5 47. Be2 Kc5 48. Bf1 Kb6 49. Be2 Ka5 50. Bf1 Ba6 51. Be2 Bb7 52. Bf3 Kb4 53. Bg2 Bc8 54. Bh3 Ba6 55. Bf1 Bc8 56. Bh3 Bd7 57. Bg4 Kc5 58. Bh3 Be8 59. Bg4 Ba4 60. Bh3 Bb5 61. Bf1 Ba6 62. Be2 Kb4 63. Bf1 Kc5 64. Be2 Bc8 65. Bg4 Kb6 66. Bh3 Bd7 67. Bg4 Kc7 68. Bh3 Kd8 69. Bg4 Ke7 70. Bh3 Kf8 71. Bg4 Kg8 72. Bh3 Kh8 73. Bg4 Kg8 74. Bd1 Ba4 75. Bg4 Kf8 76. Bh3 Ke7 77. Bg4 Kd8 78. Bf3 Kc8 79. Be2 Kc7 80. Bf3 Kb6 81. Be2 Kc5 82. Bf3 Kb4 83. Be2 Bb5 84. Bf1 Ba6 85. Be2 Bc8 86. Bg4 Bd7 87. Bh3 1/2-1/2


[Site "https://www.chess.com"]

[Event "Titled Tuesday Blitz March 07 Late 2023"]
[White "Mirzoev, Azer"]
[Black "Goltseva, Ekaterina"]
[WhiteFideId "13400304"]
[BlackFideId "24173770"]
[WhiteElo "2525"]
[BlackElo "2200"]
[Result "1-0"]
[Round "06"]
[TimeControl "180+2"]
[Date "2023.03.07"]
[WhiteClock "0:00:23"]
[BlackClock "0:00:01"]

1. Nf3 Nf6 2. c4 e6 3. d4 d5 4. e3 b6 5. cxd5 exd5 6. Nc3 a6 7. Ne5 Bd6 8. Bd3 Qe7 9. f4 Bb7 10. O-O Ne4 11. Nxe4 dxe4 12. Bc4 Bxe5 13. fxe5 O-O 14. Bd2 Nc6 15. Qg4 Rad8 16. Be1 Kh8 17. Bh4 f6 18. exf6 gxf6 19. Rf4 Na5 20. Be2 Bc8 21. Qh5 Rd6 22. Raf1 Qg7 23. b4 Nc6 24. a3 f5 25. Bc4 Rh6 26. Qe2 Rg6 27. Bg3 a5 28. b5 Ne7 29. Rh4 Rxg3 30. hxg3 Qxg3 31. Rxe4 Ng6 32. Ref4 Nxf4 33. Rxf4 Re8 34. Rf3 Qg4 35. Qf2 h5 36. Rg3 Qe4 37. Be2 1-0


[Site "https://www.chess.com"]

[Event "Titled Tuesday Blitz March 07 Late 2023"]
[White "Gascon Del Nogal, Jose Rafael"]
[Black "Prydun, Andriy"]
[WhiteFideId "3902463"]
[BlackFideId "14145898"]
[WhiteElo "2473"]
[BlackElo "2164"]
[Result "1-0"]
[Round "06"]
[TimeControl "180+2"]
[Date "2023.03.07"]
[WhiteClock "0:00:07"]
[BlackClock "0:00:01"]

1. Nf3 f6 2. e4 Nh6 3. d4 Nf7 4. Bc4 e6 5. O-O Be7 6. Re1 O-O 7. c3 b6 8. a4 a5 9. Nbd2 Ba6 10. Ba2 Qc8 11. Nf1 Nc6 12. Ng3 Ncd8 13. h4 Nb7 14. h5 Nbd6 15. Qc2 Rb8 16. e5 Ne8 17. d5 f5 18. Nxf5 exf5 19. Qxf5 d6 20. Qe4 h6 21. Bb1 Ng5 22. Bxg5 Bxg5 23. Qh7+ Kf7 24. Qg6+ Kg8 25. e6 Rxf3 26. gxf3 Nf6 27. e7 Qe8 28. Qxe8+ Rxe8 29. Bg6 Bc8 30. Bxe8 Nxe8 31. Kg2 Kf7 32. Re2 Bd7 33. b3 Bf5 34. Rae1 Bf6 35. Re4 Bh7 36. Rc4 Bf5 37. f4 Bd7 38. Kf3 Bf5 39. Ke3 Bd7 40. Kd2 Bf5 41. b4 Bxe7 42. bxa5 bxa5 43. Rc6 Bd8 44. Ra6 Nf6 45. Rxa5 Nxh5 46. Ra8 Bf6 47. a5 Nxf4 48. a6 Nxd5 49. a7 Nb6 50. Rb8 Nd5 51. a8=Q Bxc3+ 52. Ke2 Bg4+ 53. Kf1 Nf4 54. Qe4 Bh3+ 55. Kg1 Be5 1-0


[Site "https://www.chess.com"]

[Event "Titled Tuesday Blitz March 07 Late 2023"]
[White "ArchibaldCerveza29"]
[Black "Karttunen, Mika"]
[BlackFideId "502081"]
[WhiteElo "2474"]
[BlackElo "2396"]
[Result "1-0"]
[Round "06"]
[TimeControl "180+2"]
[Date "2023.03.07"]
[WhiteClock "0:00:07"]
[BlackClock "0:00:05"]

1. e4 c6 2. d4 d5 3. exd5 cxd5 4. c4 Nf6 5. Nc3 e6 6. Nf3 Bb4 7. Bd3 Nc6 8. O-O dxc4 9. Bxc4 O-O 10. a3 Be7 11. Re1 b6 12. Bd3 Bb7 13. Bc2 Rc8 14. Qd3 Na5 15. Ne5 Re8 16. Bg5 g6 17. Rad1 Bd5 18. h4 Nc4 19. Nxc4 Bxc4 20. Qh3 Bd5 21. Bb1 Nh5 22. Bxe7 Rxe7 23. Re5 Rd7 24. Rde1 a6 25. Qg4 Nf6 26. Qg5 Ne8 27. Qg3 Ng7 28. h5 b5 29. hxg6 hxg6 30. Bd3 Bb7 31. Ne2 Qf6 32. Bb1 Rdc7 33. Re3 Nf5 34. Qf4 Qg7 35. Rh3 Rd7 36. Bxf5 exf5 37. Rd1 Re8 38. Re3 Rde7 39. Rdd3 Rxe3 40. Rxe3 Rxe3 41. Qxe3 Qf8 42. Nf4 Qd8 43. d5 Qd6 44. Qd4 g5 45. Nh5 Kf8 46. Qg7+ Ke8 47. Nf6+ Ke7 48. Ng8+ Kd8 49. Qxg5+ Kc7 50. Qxf5 Bxd5 51. Nf6 Be6 52. Ne8+ Kd7 53. Nxd6 Kxd6 54. Qf6 1-0


[Site "https://www.chess.com"]

[Event "Titled Tuesday Blitz March 07 Late 2023"]
[White "Przybylski, Wojciech"]
[Black "Filgueira, Hernan"]
[WhiteFideId "1117599"]
[BlackFideId "101770"]
[WhiteElo "2222"]
[BlackElo "2363"]
[Result "1/2-1/2"]
[Round "06"]
[TimeControl "180+2"]
[Date "2023.03.07"]
[WhiteClock "0:00:07"]
[BlackClock "0:00:08"]

1. d4 d6 2. e4 Nf6 3. Nc3 Nbd7 4. Nf3 e5 5. Bc4 Be7 6. O-O O-O 7. a4 c6 8. a5 h6 9. Re1 Re8 10. h3 exd4 11. Nxd4 Ne5 12. Ba2 Bf8 13. f4 Ng6 14. Qf3 Bd7 15. Bd2 c5 16. Nf5 Bc6 17. Nd5 Nxd5 18. Bxd5 Bxd5 19. exd5 Qd7 20. g4 Rxe1+ 21. Rxe1 Re8 22. Rxe8 Qxe8 23. Qd3 Qd7 24. b3 Ne7 25. Ng3 b5 26. Bc3 Qb7 27. Nf5 Nxd5 28. Qe4 Qc6 29. Bxg7 Nb4 30. Qxc6 Nxc6 31. Bxf8 Kxf8 32. Nxd6 Nd4 33. a6 b4 34. Ne4 Nxc2 35. Nxc5 Nd4 36. Nd3 Nxb3 37. Nxb4 Nc5 38. Kf2 Ke7 39. Kg3 Kd6 40. Kh4 Ne6 41. f5 Nf4 42. Kg3 Ne2+ 43. Kf3 Ng1+ 44. Kg2 Ne2 45. Kf2 Nd4 46. Ke3 Nb3 47. Ke4 f6 48. Nd3 Nd2+ 49. Ke3 Nc4+ 50. Kd4 Na3 51. Nf4 Nb5+ 52. Ke4 Nc7 53. Nh5 Ke7 54. Nf4 Nxa6 55. Nd5+ Kf7 56. Kd4 Nb8 57. Kc5 Nd7+ 58. Kb5 h5 59. gxh5 Ne5 60. Ka6 Nc4 61. h4 Nd6 62. Ne3 Ne4 63. Kxa7 Kg7 64. Kb6 Ng3 65. Kc6 Nxh5 66. Kd5 Nf4+ 67. Ke4 Ne2 68. Kf3 Nd4+ 69. Kg4 Nc6 70. Nd5 Ne5+ 71. Kh5 Nd3 72. Kg4 Ne5+ 73. Kg3 Nd3 74. Kf3 Ne5+ 75. Kf4 Nd3+ 76. Ke4 Nf2+ 77. Ke3 Ng4+ 78. Kf4 Ne5 79. Nc7 Nd3+ 80. Kg4 Ne5+ 81. Kh5 Nd3 82. Ne6+ Kh7 83. Kg4 Ne5+ 84. Kf4 Kh6 85. Nf8 Kg7 86. Ne6+ Kh6 87. Nc7 Kg7 88. Nd5 Nd3+ 89. Kg4 Ne5+ 1/2-1/2


[Site "https://www.chess.com"]

[Event "Titled Tuesday Blitz March 07 Late 2023"]
[White "Yeritsyan, Hayk"]
[Black "Ozates, Tuna"]
[WhiteFideId "13307320"]
[BlackFideId "6354521"]
[WhiteElo "2449"]
[BlackElo "2151"]
[Result "0-1"]
[Round "06"]
[TimeControl "180+2"]
[Date "2023.03.07"]
[WhiteClock "0:00:11"]
[BlackClock "0:00:25"]

1. d4 Nf6 2. Nf3 c5 3. e3 cxd4 4. exd4 d5 5. Bd3 Nc6 6. h3 e6 7. Bf4 Bd6 8. Bxd6 Qxd6 9. c3 Bd7 10. Qe2 Rb8 11. Nbd2 O-O 12. Ne5 a6 13. O-O b5 14. a3 Na5 15. b4 Nc4 16. Nb3 Rfc8 17. Nc5 Be8 18. f4 Nd7 19. Bxc4 dxc4 20. Nexd7 Bxd7 21. Qe5 Rb6 22. Rae1 Qxe5 23. fxe5 Bc6 24. Ra1 Ra8 25. a4 a5 26. axb5 Rxb5 27. Rfb1 axb4 28. Rxa8+ Bxa8 29. Rxb4 Rxb4 30. cxb4 c3 31. g3 c2 32. Nd3 Bd5 33. Kf2 Bc4 34. Nc1 h5 35. h4 Kh7 36. Ke3 Kg6 37. Kd2 Kf5 38. Kc3 Bd5 39. Kxc2 Kg4 40. Ne2 Kf3 41. Kd2 Bc4 42. Nf4 g6 43. Nd3 Kxg3 44. Nb2 Bd5 45. Nd1 Kxh4 46. b5 Kg3 47. b6 h4 48. Ne3 Bb7 49. d5 exd5 50. Kd3 h3 51. Kd4 h2 52. Nf1+ Kg2 53. Nxh2 Kxh2 54. Kc5 Kg3 55. Kd6 d4 56. Kc7 Ba6 57. e6 fxe6 58. Kd6 d3 59. Kxe6 d2 60. Kf6 d1=Q 61. Kxg6 Qd6+ 62. Kg7 Qxb6 63. Kg8 Qc7 64. Kh8 Kg4 65. Kg8 Kg5 66. Kh8 Kg6 67. Kg8 Qc8# 0-1


[Site "https://www.chess.com"]

[Event "Titled Tuesday Blitz March 07 Late 2023"]
[White "Gonzalez, Francisco Silva"]
[Black "Martin Carmona, Gaston Manuel"]
[WhiteFideId "1512285"]
[BlackFideId "22284567"]
[WhiteElo "2074"]
[BlackElo "2245"]
[Result "1-0"]
[Round "06"]
[TimeControl "180+2"]
[Date "2023.03.07"]
[WhiteClock "0:00:51"]
[BlackClock "0:00:18"]

1. d4 Nf6 2. c4 e6 3. Nc3 c5 4. d5 exd5 5. cxd5 g6 6. Nf3 Bg7 7. Bf4 O-O 8. h3 Re8 9. e3 b5 10. Bxb5 Qa5 11. O-O Ne4 12. Nxe4 Rxe4 13. Bd3 Re8 14. b3 Ba6 15. Bxa6 Qxa6 16. Rc1 d6 17. Qc2 Nd7 18. Qc4 Qb6 19. Rb1 a5 20. a3 Rab8 21. Rfe1 Nf6 22. e4 Nd7 23. Be3 Qb5 24. Qc2 h6 25. Nd2 Ne5 26. Nc4 h5 27. Nxd6 Qd3 28. Qxd3 Nxd3 29. Red1 Nb2 30. Rdc1 Red8 31. Nc4 Nd3 32. Rd1 Ne5 33. Nxa5 Ra8 34. b4 c4 35. f4 Nd3 36. Nxc4 Rac8 37. Nb6 Rc3 38. a4 Nxb4 39. Rxb4 Rxe3 40. d6 Bc3 41. Rc4 Ba5 42. Nd5 Ra3 43. e5 Kf8 44. Nf6 Bb6+ 45. Kh1 h4 46. Rdc1 Bf2 47. Rc8 Rxc8 48. Rxc8+ Kg7 49. Rg8+ Kh6 50. Ng4+ Kh7 51. Nxf2 Kxg8 52. d7 1-0


[Site "https://www.chess.com"]

[Event "Titled Tuesday Blitz March 07 Late 2023"]
[White "Lacey, Patrick"]
[Black "Pinheiro, Iung Alicio de O."]
[WhiteFideId "2032007"]
[BlackFideId "2104350"]
[WhiteElo "2428"]
[BlackElo "2283"]
[Result "0-1"]
[Round "06"]
[TimeControl "180+2"]
[Date "2023.03.07"]
[WhiteClock "0:00:01"]
[BlackClock "0:00:03"]

1. Nf3 d5 2. c4 e6 3. d4 h6 4. Nc3 Nf6 5. Bf4 Bd6 6. Ne5 O-O 7. e3 c5 8. Be2 cxd4 9. exd4 dxc4 10. Bf3 Nc6 11. O-O a6 12. Re1 Nd5 13. Nxd5 exd5 14. Bxd5 Nxe5 15. dxe5 Bb4 16. Re3 Be6 17. Bxe6 Qxd1+ 18. Rxd1 fxe6 19. Bg3 Rad8 20. Rb1 Rd2 21. Kf1 Bc5 22. Re2 Rfd8 23. Rc1 b5 24. Bf4 R2d3 25. g3 R8d5 26. h4 Kf7 27. h5 a5 28. Kg2 a4 29. a3 Bd4 30. Rcc2 Rb3 31. Re4 Rxb2 32. Rce2 Rxe2 33. Rxe2 Bc5 34. Bc1 Rd3 35. Re4 Bxa3 36. Rf4+ Ke8 37. Be3 Bb2 38. Rg4 Kf7 39. Rf4+ Ke8 40. Re4 a3 41. Bc5 a2 0-1


[Site "https://www.chess.com"]

[Event "Titled Tuesday Blitz March 07 Late 2023"]
[White "Krishnan, Varun"]
[Black "Meduri, Aakaash"]
[WhiteFideId "5054508"]
[BlackFideId "2032252"]
[WhiteElo "2529"]
[BlackElo "2113"]
[Result "0-1"]
[Round "06"]
[TimeControl "180+2"]
[Date "2023.03.07"]
[WhiteClock "0:00:01"]
[BlackClock "0:00:11"]

1. e4 c5 2. Nf3 d6 3. d4 cxd4 4. Nxd4 Nf6 5. Nc3 Nc6 6. Bg5 g6 7. Bxf6 exf6 8. Bb5 Bd7 9. O-O Bg7 10. Nb3 O-O 11. Qxd6 f5 12. Rad1 Be6 13. Bxc6 bxc6 14. e5 Qb6 15. Nd4 Bc4 16. Rfe1 Rac8 17. b3 Rfd8 18. bxc4 Rxd6 19. exd6 Kf8 20. Na4 Qa5 21. d7 Rd8 22. Re8+ Rxe8 23. dxe8=Q+ Kxe8 24. Nxc6 Qc7 25. Rd8+ Qxd8 26. Nxd8 Kxd8 27. Kf1 Kc8 28. Ke2 Kc7 29. Kd3 Kc6 30. Nc3 Be5 31. g3 f4 32. Nd5 fxg3 33. hxg3 Kc5 34. Nc3 Kb4 35. Ne4 Ka3 36. c5 Kxa2 37. c6 Kb2 38. Nc5 a5 39. Na6 a4 40. Nb4 a3 41. c4 Kb3 42. Nc2 a2 43. c5 h5 44. f4 Bc7 45. Na1+ Kb2 46. Nc2 f6 47. Kd2 g5 48. fxg5 fxg5 49. Na1 Kxa1 0-1


[Site "https://www.chess.com"]

[Event "Titled Tuesday Blitz March 07 Late 2023"]
[White "Chan, Kim Yew"]
[Black "Carbone, Diego"]
[WhiteFideId "5717981"]
[BlackFideId "3002179"]
[WhiteElo "2206"]
[BlackElo "2266"]
[Result "1/2-1/2"]
[Round "06"]
[TimeControl "180+2"]
[Date "2023.03.07"]
[WhiteClock "0:00:08"]
[BlackClock "0:00:06"]

1. e4 e5 2. Nf3 Nc6 3. Bb5 a6 4. Ba4 Nf6 5. O-O Nxe4 6. d4 Be7 7. Re1 b5 8. Rxe4 d5 9. Re1 e4 10. Bb3 exf3 11. Qxf3 Nxd4 12. Qxd5 Qxd5 13. Bxd5 Nxc2 14. Re2 Nxa1 15. Bxa8 Be6 16. Bc6+ Kd8 17. Nc3 b4 18. Nd5 Bd6 19. b3 Bf5 20. Ne3 Be6 21. Bb2 Nxb3 22. axb3 Bxb3 23. Bxg7 Rg8 24. Bf6+ Kc8 25. Nf5 Be6 26. Nd4 Bd7 27. Bd5 a5 28. Be7 Bxe7 29. Rxe7 Re8 30. Rxe8+ Bxe8 31. Kf1 a4 32. Ke2 c5 33. Nf5 Kc7 34. Kd2 Bc6 35. Bxf7 Bxg2 36. f4 a3 37. Ne3 Bh3 38. Bc4 Kd6 39. Kc2 Be6 40. Kb3 Bxc4+ 41. Nxc4+ Ke6 42. Ne3 h5 43. h4 c4+ 44. Nxc4 Kf5 45. Nb6 Kxf4 46. Nd5+ Kg3 47. Nxb4 Kxh4 48. Nc2 Kg3 49. Ne3 h4 50. Nf5+ Kg4 51. Nxh4 Kxh4 52. Kxa3 1/2-1/2


[Site "https://www.chess.com"]

[Event "Titled Tuesday Blitz March 07 Late 2023"]
[White "Moral Garcia, Serafin"]
[Black "Dodaro, Mattia"]
[WhiteFideId "2201925"]
[BlackFideId "28583400"]
[WhiteElo "2254"]
[BlackElo "2405"]
[Result "0-1"]
[Round "06"]
[TimeControl "180+2"]
[Date "2023.03.07"]
[WhiteClock "0:01:08"]
[BlackClock "0:00:55"]

1. c4 a6 2. Nc3 Nf6 3. g3 g6 4. Bg2 Bg7 5. d3 O-O 6. Rb1 d6 7. b4 c6 8. a4 Nbd7 9. e3 Rb8 10. b5 axb5 11. axb5 cxb5 12. Nxb5 Nc5 13. Ne2 Bd7 14. O-O Bc6 15. Nec3 Nfd7 16. d4 Bxg2 17. Kxg2 Ne6 18. Bd2 Qc8 19. Nd5 Re8 20. Qa4 Ra8 21. Qb3 Ra6 22. Ra1 Ndc5 23. Rxa6 Nxb3 24. Ra2 Nxd2 25. Rxd2 Qxc4 0-1


[Site "https://www.chess.com"]